 Dungeon Crawl Stone Soup version 0.29-a0-887-gcbe080d7e0 (webtiles) character file.

Game seed: 5707366357161633936

1940 jimonade the Magician (level 9, -1/59 (66) HPs)
             Began as a Merfolk Ice Elementalist on July 21, 2022.
             Was a Follower of Vehumet.
             Slain by a wight
             ... wielding a +3 antimagic battleaxe
              (4 damage)
             ... on level 7 of the Dungeon.
             The game lasted 00:25:14 (8109 turns).

jimonade the Magician (Merfolk Ice Elementalist)    Turns: 8109, Time: 00:25:15

HP:   -1/59 (66)    AC: 12    Str: 12    XL:     9   Next: 18%
MP:   11/19         EV: 13    Int: 14    God:    Vehumet [*.....]
Gold: 362           SH:  4    Dex: 15    Spells: 15/22 levels left

rFire   . . .      SeeInvis .   L - +1 whip (holy)
rCold   . . .      Faith    .   D - +0 buckler
rNeg    . . .      Spirit   .   m - +0 leather armour
rPois   .          Reflect  .   (no helmet)
rElec   .          Harm     .   y - +0 cloak
rCorr   .          Rampage  .   j - +2 pair of gloves
Will    .....                   (no boots)
Stlth   ++........              (no amulet)
HPRegen 0.19/turn               t - ring of wizardry
MPRegen 0.16/turn               (no ring)

@: ice-armoured, heavily drained
A: (nimble swimmer 2), mertail
a: Renounce Religion


You were on level 7 of the Dungeon.
You worshipped Vehumet.
Vehumet was aware of your devotion.
You visited 1 branch of the dungeon, and saw 7 of its levels.

You collected 362 gold pieces.

Inventory:

Hand Weapons
 a - a +0 spear
 b - a +3 dagger
 d - a +0 dagger
 k - a +0 hand axe
 B - a +0 whip of flaming
 G - a +2 dagger of draining
 L - a +1 whip of holy wrath (weapon)
Missiles
 c - 113 stones
 z - 3 javelins
Armour
 g - a +0 ring mail
 h - a +0 robe
 j - a +2 pair of gloves (worn)
 m - a +0 leather armour (worn)
 v - a scarf of resistance
 y - a +0 cloak (worn)
 D - a +0 buckler (worn)
Magical Staves
 o - a staff of earth
Jewellery
 t - a ring of wizardry (left hand)
 E - a +4 ring of protection
 K - a ring of positive energy
Scrolls
 e - 3 scrolls of teleportation {unknown}
 i - 2 scrolls of magic mapping {unknown}
 l - 3 scrolls of identify {unknown}
 u - 2 scrolls of amnesia {unknown}
 w - 2 scrolls of fog {unknown}
 C - a scroll of blinking {unknown}
 H - a scroll of brand weapon {unknown}
 I - a scroll of noise {unknown}
Potions
 f - a potion of magic
 n - a potion of brilliance {unknown}
 p - 2 potions of degeneration {unknown}
 q - 2 potions of mutation {unknown}
 r - a potion of heal wounds {unknown}
 s - a potion of might {unknown}
 x - 2 potions of attraction {unknown}
 A - 3 potions of curing {unknown}
 F - a potion of flight {unknown}
 J - 2 potions of cancellation {unknown}


   Skills:
 * Level 4.5 Fighting
 - Level 0.1 Short Blades
 + Level 2.1 Polearms
 + Level 1.7 Armour
 + Level 4.6 Dodging
 - Level 2.2 Stealth
 + Level 0.4 Shields
 * Level 7.3 Spellcasting
 * Level 3.0 Transmutations
 + Level 6.8 Ice Magic
 * Level 2.8 Poison Magic


You had 15 spell levels left.
You knew the following spells:

 Your Spells              Type           Power      Damage    Failure   Level
a - Freeze                Ice            96%        1d11      1%          1
b - Frozen Ramparts       Ice            48%        1d6       1%          3
c - Ozocubu's Armour      Ice            24%        N/A       1%          3

Your spell library contained the following spells:

 Spells                   Type           Power      Damage    Failure   Level
 Shock                    Conj/Air       20%        1d4       11%         1
 Ignite Poison            Fire/Tmut/Pois 10%        N/A       13%         3
 Blink                    Tloc           10%        N/A       16%         2
 Mephitic Cloud           Conj/Pois/Air  7%         N/A       21%         3
 Hailstorm                Conj/Ice       14%        3d5       24%         4
 Gell's Gravitas          Tloc           5%         N/A       28%         3
 Lesser Beckoning         Tloc           5%         N/A       28%         3
 Teleport Other           Tloc           5%         N/A       28%         3
 Freezing Cloud           Conj/Ice/Air   5%         6-21      69%         5
 Manifold Assault         Tloc           5%         N/A       93%         5
 Dispersal                Tloc           2%         N/A       100%        6


Dungeon Overview and Level Annotations

Branches:
Dungeon (7/15)
 Temple: D:4-7

Altars:
Okawaru
Uskayaw
Vehumet

Shops:
D:2 [   D:4 (   D:5 *

Annotations:
D:2 1 runed translucent door, Crazy Yiuf
D:3 Natasha
D:6 exclusion: downstairs


Innate Abilities, Weirdness & Mutations

((You are very nimble when in or above water. (Stealth+, EV+, Speed+++)))
Your lower body shifts to a powerful aquatic tail in water.


Message History

The wight is heavily damaged.
The wight hits you with a +0 long sword!
You feel drained.
You hit the wight.
The wight convulses.
The wight is severely damaged.
The wight barely misses you. The wight hits you but does no damage.
You hit the wight.
The wight convulses.
The wight is severely damaged.
The wight misses you. The wight hits you but does no damage.
You hit the wight.
The wight convulses.
The wight is almost destroyed.
The wight barely misses you. The wight closely misses you.
You hit the wight.
You destroy the wight!
Vehumet accepts your kill. The wight completely misses you. x2
You hit the wight.
The wight convulses.
The wight is lightly damaged.
The wight misses you.
You completely miss the wight.
The wight is lightly damaged.
The wight misses you.
You hit the wight but do no damage.
The wight is lightly damaged.
The wight hits you with a +3 antimagic battleaxe.
You feel drained.
You feel your power leaking away.
You hit the wight but do no damage.
The wight is lightly damaged.
The wight hits you with a +3 antimagic battleaxe!
* * * LOW HITPOINT WARNING * * *
You feel drained.
* * * LOW HITPOINT WARNING * * *
You feel your power leaking away.
You hit the wight but do no damage.
The wight is lightly damaged.
The wight hits you with a +3 antimagic battleaxe!
* * * LOW HITPOINT WARNING * * *
You feel drained.
You die...

#.......#..#.....#......#..
#.......#..###.#.#......#..
#...)...#...............#..
#########)##..#..###.#.#......###
....#.###.######.#.....#.###'###.
....#..........#.#.#.###..#....#.
....#..........#...#.#....#....#.
....#..........#z###.###..#....#.
....#..........#@)........#....#.
....#..#####'####...##..########.
#####..###....###...##..########.
.................................
.................................
...^............)................
................<................
#################################


You could see a wight.

Vanquished Creatures
  Pikel (D:5)
  Eustachio (D:5)
  A water moccasin (D:6)
  A sky beast (D:7)
  2 black bears
  2 lemures (D:5)
  A centaur (D:5)
  A gnoll sergeant (D:6)
  2 scorpions
  A necrophage (D:5)
  2 wights
  A howler monkey (D:5)
  2 quasits (D:5)
  A hound (D:4)
  A gnoll bouda (D:7)
  3 iguanas
  3 orc wizards
  5 gnolls (D:6)
  6 adders
  2 shadow imps
  2 white imps
  A worm (D:5)
  2 dart slugs (D:1)
  17 orcs
  6 bats
  4 endoplasms
  4 giant cockroaches
  6 goblins
  3 hobgoblins
  5 quokkas
  6 ball pythons
  3 frilled lizards
  4 kobolds
  8 rats
110 creatures vanquished.

Vanquished Creatures (others)
  2 demonic plants (D:5)
2 creatures vanquished.

Grand Total: 112 creatures vanquished

Notes
Turn   | Place    | Note
-------+----------+-------------------------------------------
     0 | D:1      | jimonade the Merfolk Ice Elementalist began the quest for
                  | the Orb.
     0 | D:1      | Reached XP level 1. HP: 13/13 MP: 3/3
   351 | D:1      | Reached XP level 2. HP: 18/20 MP: 0/5
   930 | D:1      | Reached skill level 1 in Fighting
  1264 | D:1      | Reached XP level 3. HP: 25/26 MP: 6/6
  1531 | D:1      | Learned a level 3 spell: Frozen Ramparts
  1692 | D:2      | Found Byik Aju's Armour Shoppe.
  1907 | D:2      | Found a runed translucent door.
  1908 | D:2      | Noticed Crazy Yiuf
  2078 | D:2      | Noticed a black bear
  2141 | D:1      | Learned a level 3 spell: Ozocubu's Armour
  2159 | D:2      | Killed a black bear
  2160 | D:2      | Reached skill level 1 in Polearms
  2160 | D:2      | Reached skill level 3 in Spellcasting
  2160 | D:2      | Reached skill level 5 in Ice Magic
  2160 | D:2      | Reached XP level 4. HP: 34/34 MP: 0/8
  2160 | D:2      | Reached XP level 5. HP: 39/39 MP: 0/9
  2966 | D:3      | Noticed Natasha
  2966 | D:3      | You fall into a shaft and drop 2 floors!
  2966 | D:5      | Entered Level 5 of the Dungeon
  2972 | D:5      | Found a radiant altar of Vehumet.
  3025 | D:5      | Became a worshipper of Vehumet
  3158 | D:5      | Reached XP level 6. HP: 32/46 MP: 3/11
  3320 | D:5      | Noticed Eustachio
  3376 | D:5      | Killed Eustachio
  3377 | D:5      | Reached skill level 4 in Spellcasting
  3547 | D:5      | Found an iron altar of Okawaru.
  3674 | D:5      | Found a hide-covered altar of Uskayaw.
  3695 | D:5      | Reached XP level 7. HP: 46/52 MP: 7/13
  3732 | D:5      | Noticed Pikel
  3748 | D:5      | Killed Pikel
  3749 | D:5      | Reached skill level 1 in Armour
  3749 | D:5      | Reached skill level 5 in Spellcasting
  3749 | D:5      | Reached XP level 8. HP: 33/60 MP: 0/16
  4062 | D:5      | Reached skill level 6 in Spellcasting
  4623 | D:4      | Found Nuqueso's Antique Weapon Shoppe.
  5665 | D:5      | Found Deptityk's Overcharged Wands.
  5814 | D:6      | Reached skill level 1 in Transmutations
  5976 | D:6      | Reached skill level 1 in Poison Magic
  7308 | D:6      | Reached XP level 9. HP: 17/63 MP: 12/19
  7775 | D:7      | Reached skill level 7 in Spellcasting
  7884 | D:7      | Reached * piety under Vehumet
  7884 | D:7      | Offered knowledge of Shock by Vehumet.
  8109 | D:7      | HP: 3/61 [wight/+3 antimagic battleaxe (10)]
  8109 | D:7      | Slain by a wight

Illustrated notes

Levels and vault maps discovered:
D:1:      minmay_arrival_shattered_statue, layout_loops_cross,
          grunt_decor_junction, minmay_statues_item
D:2:      layout_loops_ring, serial_shops, shop, guppyfry_early_orc_mine,
          uniq_crazy_yiuf_cottage
D:3:      layout_loops_ring, uniq_natasha
D:4:      layout_gridville, serial_shops, shop
D:5:      layout_gridville, mainiacjoe_overflow_cross_hatched,
          mainiacjoe_overflow_two_lobes, serial_demonic, serial_demonic_d,
          serial_demonic_c, serial_demonic_b, serial_demonic_f,
          nicolae_shop_overcharged_wands, uniq_eustachio, uniq_menkaure,
          uniq_pikel
D:6:      layout_cave_pods, kennysheep_generic_room_14
D:7:      layout_gridville, good_gods_temple_1,
          worldfamousw_hep_ancestral_shrine, minmay_temple_entry_mist,
          minmay_misc_feat_roman, kennysheep_generic_room_11

Skill      XL: |  1  2  3  4  5  6  7  8  9 |
---------------+----------------------------+-----
Fighting       | 1 2 3 4 |  4.5
Dodging        | 3 4 |  4.6
Polearms       | 1 2 |  2.1
Spellcasting   | 3 4 5 6 7 |  7.3
Ice Magic      | 5 6 |  6.8
Armour         | 1 |  1.7
Transmutations | 2 3 |  3.0
Poison Magic   | 2 |  2.8
Short Blades   | |  0.1
Stealth        | |  2.2
Shields        | |  0.4

Action                   |  1- 3 |  4- 6 |  7- 9 || total
-------------------------+-------+-------+-------++-------
Melee: Dagger            |    16 |    10 |    97 ||   123
       Spear             |    83 |    21 |    43 ||   147
       Punch             |     2 |     1 |     2 ||     5
       Whip              |       |       |    34 ||    34
 Cast: Freeze            |    23 |    32 |    58 ||   113
       Frozen Ramparts   |     2 |     6 |    15 ||    23
       Ozocubu's Armour  |     1 |     3 |     6 ||    10
 Stab: Sleeping          |     8 |     4 |     3 ||    15
Armor: Robe              |    30 |       |       ||    30
       Leather armour    |       |    39 |    60 ||    99
Dodge: Dodged            |    73 |    44 |   123 ||   240
Block: Buckler           |       |       |    23 ||    23

Table legend: (Time is in decaauts)
 A = Elapsed time spent in this place.
 B = Non-inter-level travel time spent in this place.
 C = Inter-level travel time spent in this place.
 D = Time resting spent in this place.
 E = Time spent auto-exploring this place.
 F = Levels seen in this place.
 G = Mean time per level.
                   A        B        C        D        E       F      G
               +--------+--------+--------+--------+--------+-----+--------+
         Total |   8109 |   7850 |    259 |   1891 |   4355 |   7 | 1158.4 |
       Dungeon |   8109 |   7850 |    259 |   1891 |   4355 |   7 | 1158.4 |
               +--------+--------+--------+--------+--------+-----+--------+

Top non-repeatable levels by time:
     D:6: 1830 daAuts
     D:1: 1722 daAuts
     D:5: 1481 daAuts
     D:4: 1357 daAuts
     D:2: 913 daAuts
     D:7: 475 daAuts
     D:3: 329 daAuts
